 Dungeon Crawl Stone Soup version 0.27.0-1-g7a089689b8 (webtiles) character file.

Game seed: 14549283301497458623

45 Leibowitz the Skirmisher (level 3, 0/23 HPs)
             Began as a Kobold Fighter on Aug 9, 2021.
             Slain by a gnoll (5 damage)
             ... on level 1 of the Dungeon.
             The game lasted 00:02:06 (1357 turns).

Leibowitz the Skirmisher (Kobold Fighter)           Turns: 1357, Time: 00:02:07

Health: 0/23       AC:  7    Str: 13    XL:     3   Next: 90%
Magic:  3/3        EV: 13    Int:  9    God:
Gold:   51         SH:  5    Dex: 15    Spells: 2/2 levels left

rFire    . . .     SeeInvis .   a - +0 rapier
rCold    . . .     Faith    .   c - +0 buckler
rNeg     . . .     Spirit   .   j - +0 leather armour
rPois    .         Reflect  .   (no helmet)
rElec    .         Harm     .   (no cloak)
rCorr    .         Rampage  .   (no gloves)
Will     .....                  (no boots)
Stlth    +++.......             (no amulet)
HPRegen  0.07/turn              g - +4 ring of protection
MPRegen  0.08/turn              (no ring)

@: no status effects
A: small, no large weapons, nightstalker 3
a: no special abilities


You were on level 1 of the Dungeon.
You visited 1 branch of the dungeon, and saw 2 of its levels.

You collected 51 gold pieces.

Inventory:

Hand Weapons
 a - a +0 rapier (weapon)
Armour
 c - a +0 buckler (worn)
 j - a +0 leather armour (worn)
Jewellery
 g - a +4 ring of protection (left hand)
Scrolls
 e - a scroll of summoning {unknown}
 f - a scroll of fear {unknown}
 h - a scroll of amnesia {unknown}
Potions
 b - 2 potions of flight {unknown}
 d - a potion of might


   Skills:
 * Level 3.6 Fighting
 * Level 3.4 Short Blades
 + Level 2.6 Armour
 * Level 1.0 Dodging
 * Level 1.3 Stealth
 * Level 2.7 Shields


You had 2 spell levels left.
You didn't know any spells.
Your spell library was empty.

Dungeon Overview and Level Annotations

Branches:
Dungeon (2/15)

Altars:


Innate Abilities, Weirdness & Mutations

You are small and have problems with some larger weapons.
You are completely attuned to the shadows.


Message History

You kill the goblin!
A gnoll comes into view. It is wielding a +0 club.
You see here a +0 club.
The gnoll hits you with a +0 club.
There is a stone staircase leading up here.
The gnoll hits you with a +0 club.
You climb upwards.
There is a stone staircase leading down here.
You hit the gnoll.
The gnoll is lightly wounded.
The gnoll barely misses you.
You hit the gnoll.
The gnoll is moderately wounded.
The gnoll hits you but does no damage.
You hit the gnoll but do no damage.
The gnoll is moderately wounded.
The gnoll misses you.
You hit the gnoll.
The gnoll is heavily wounded.
The gnoll hits you with a +0 club.
You barely miss the gnoll.
The gnoll is heavily wounded.
The gnoll hits you with a +0 club.
You hit the gnoll but do no damage.
The gnoll is heavily wounded.
The gnoll barely misses you.
You hit the gnoll.
The gnoll is severely wounded.
You block the gnoll's attack.
You closely miss the gnoll.
The gnoll is severely wounded.
You block the gnoll's attack.
You hit the gnoll.
The gnoll is almost dead.
The gnoll hits you with a +0 club.
* * * LOW HITPOINT WARNING * * *
You barely miss the gnoll.
The gnoll is almost dead.
The gnoll hits you with a +0 club.
You die...

############# #............
####.########### ########
#.......# #
#......##########.......# #
#.####.........@#.....[>########
#.# ########..g.............(..
##.# ##...........##.#####
..)##########............##.#####
##.......................##......
#)#######..#.......#.#########..
#.# ####..##.....##............
#.# #............############.#
#.# #.##..####.#.# #.#


You could see a gnoll.

Vanquished Creatures
  4 dart slugs (D:1)
  An orc (D:1)
  2 ball pythons
  2 bats (D:1)
  4 endoplasms (D:1)
  A giant cockroach (D:1)
  6 goblins
  A hobgoblin (D:1)
  5 jackals (D:1)
  3 frilled lizards (D:1)
  3 kobolds (D:1)
  A rat (D:1)
33 creatures vanquished.

Notes
Turn   | Place    | Note
-------+----------+-------------------------------------------
     0 | D:1      | Leibowitz the Kobold Fighter began the quest for the Orb.
     0 | D:1      | Reached XP level 1. HP: 14/14 MP: 1/1
   108 | D:1      | Reached XP level 2. HP: 15/19 MP: 2/2
   201 | D:1      | Reached skill level 1 in Stealth
   320 | D:1      | Reached XP level 3. HP: 23/23 MP: 3/3
  1124 | D:1      | Reached skill level 1 in Dodging
  1357 | D:1      | Slain by a gnoll

Illustrated notes

Levels and vault maps discovered:
D:1:      lemuel_arrival_funnel, layout_loops_ring
D:2:      cheibrodos_pilgrimage, layout_rooms, grunt_decor_one_mirror

Skill      XL: |  1  2  3 |
---------------+----------+-----
Stealth        | 1 |  1.3
Short Blades   | 3 |  3.4
Dodging        | 1 |  1.0
Fighting       | |  3.6
Armour         | |  2.6
Shields        | |  2.7

Action                   || total
-------------------------++-------
Melee: Rapier            ||   117
 Stab: Sleeping          ||     5
Armor: Scale mail        ||    34
       Robe              ||     4
       Leather armour    ||     2
Dodge: Dodged            ||    46
Block: Buckler           ||    24
